 Dungeon Crawl Stone Soup version 0.30-a0-728-gc68057be0a (webtiles) character file.

Game seed: 11771525480652808352

37 cforsyth the Shooter (level 3, 0/28 HPs)
             Began as a Human Hunter on Jan 31, 2023.
             Killed from afar by Sigmund (8 damage)
             ... with a magic dart
             ... on level 2 of the Dungeon.
             The game lasted 00:02:57 (875 turns).

cforsyth the Shooter (Human Hunter)                  Turns: 875, Time: 00:02:58

Health: 0/28       AC:  3    Str: 11    XL:     3   Next: 62%
Magic:  3/3        EV: 12    Int: 15    God:
Gold:   59         SH:  0    Dex: 18    Spells: 2/2 levels left

rFire   . . .      SeeInvis .    a - +0 shortbow
rCold   . . .      Faith    .    (shield currently unavailable)
rNeg    . . .      Spirit   .    c - +0 leather armour
rPois   .          Reflect  .    (no helmet)
rElec   .          Harm     .    (no cloak)
rCorr   .          Rampage  .    (no gloves)
Will    .....                    (no boots)
Stlth   ++                       (no amulet)
HPRegen 0.24/turn                f - +6 ring of intelligence
MPRegen 0.08/turn                (no ring)

@: no status effects
A: no striking features
a: no special abilities


You were on level 2 of the Dungeon.
You visited 1 branch of the dungeon, and saw 2 of its levels.

You collected 59 gold pieces.

Inventory:

Hand Weapons
 a - a +0 shortbow (weapon)
Armour
 c - a +0 leather armour (worn)
Jewellery
 f - a +6 ring of intelligence (left hand)
Wands
 j - a wand of roots (3)
Scrolls
 b - a scroll of immolation
 d - 2 scrolls of fear {unknown}
 e - a scroll of brand weapon {unknown}
 i - a scroll of noise {unknown}
Potions
 g - a potion of cancellation {unknown}
 h - a potion of berserk rage {unknown}


   Skills:
 + Level 2.8 Fighting
 + Level 4.4 Ranged Weapons
 - Level 2.2 Dodging
 - Level 1.3 Stealth


You had 2 spell levels left.
You didn't know any spells.
Your spell library was empty.

Dungeon Overview and Level Annotations

Branches:
Dungeon (2/15)

Altars:

Annotations:
D:2 Sigmund


Message History

No target in view!
No target in view!
No target in view!
You shoot an arrow. The arrow hits Sigmund.
Sigmund is lightly wounded.
Sigmund mumbles some strange words.
Sigmund flickers and vanishes!
Deactivating autopickup; reactivate with Ctrl-A.
A puff of flame appears from out of thin air!
The puff of flame hits you.
No target in view!
No target in view!
No target in view!
No target in view!
No target in view!
No target in view!
No target in view!
You are confused.
You bump into the rock wall.
You bump into the rock wall.
Something hits you!
You bump into the rock wall.
You bump into the rock wall.
Something hits you.
You feel less confused. Something hits you.
* * * LOW HITPOINT WARNING * * *
Something tries to affect you, but you resist.
You are confused.
You bump into the rock wall.
Something hits you.
* * * LOW HITPOINT WARNING * * *
You're too confused to move!
Sigmund appears from thin air!
Reactivating autopickup.
Sigmund hits you from afar with a +0 scythe.
* * * LOW HITPOINT WARNING * * *
You bump into the rock wall.
You feel less confused.
Sigmund points at you and mumbles some strange words.
The magic dart hits you!
You die...

## #. ### ##. #.. #..
#.#.#####.. ################
#.#........ #..........@...###
#.#####....
#.############@..####.#####.#..
#.# ###............#.. #.#
######.#######.. #.# ........#
#.. #.# ######### ... #.# .###
#.# . #.# #.#


You could see Sigmund.

Vanquished Creatures
  2 endoplasms (D:1)
  5 giant cockroaches
  4 goblins (D:1)
  8 jackals (D:1)
  A quokka (D:1)
  3 ball pythons
  3 frilled lizards (D:1)
  2 kobolds (D:1)
  4 rats (D:1)
32 creatures vanquished.

Notes
Turn   | Place    | Note
-------+----------+-------------------------------------------
     0 | D:1      | cforsyth the Human Hunter began the quest for the Orb.
     0 | D:1      | Reached XP level 1. HP: 16/16 MP: 1/1
    83 | D:1      | Reached XP level 2. HP: 22/22 MP: 2/2
   187 | D:1      | Reached XP level 3. HP: 28/28 MP: 3/3
   830 | D:2      | Noticed Sigmund
   875 | D:2      | Killed from afar by Sigmund

Illustrated notes

Levels and vault maps discovered:
D:1:      amcnicky_arrival_feature_with_door, layout_basic, minmay_crystal_room,
          st_stairs_13
D:2:      layout_loops_ring, uniq_sigmund, uniq_natasha

Action                     || total
---------------------------++-------
   Fire: Shortbow          ||    81
 Armour: Leather armour    ||    23
  Dodge: Dodged            ||    54

Table legend: (Time is in decaauts)
 A = Elapsed time spent in this place.
 B = Non-inter-level travel time spent in this place.
 C = Inter-level travel time spent in this place.
 D = Time resting spent in this place.
 E = Time spent auto-exploring this place.
 F = Levels seen in this place.
 G = Mean time per level.
                   A        B        C        D        E       F      G
               +--------+--------+--------+--------+--------+-----+--------+
         Total |    901 |    874 |     27 |      0 |    678 |   2 |  450.5 |
       Dungeon |    901 |    874 |     27 |      0 |    678 |   2 |  450.5 |
               +--------+--------+--------+--------+--------+-----+--------+

Top non-repeatable levels by time:
     D:1: 752 daAuts
     D:2: 148 daAuts
